 Dungeon Crawl Stone Soup version 0.18-a0-1088-g34ef3a2 (webtiles) character file.

121 Ijustatesigmund the Skirmisher (level 4, -1/37 HPs)
             Began as a Demonspawn Abyssal Knight on Jan 15, 2016.
             Was a Believer of Lugonu.
             Slain by a centaur (5 damage)
             ... on level 4 of the Dungeon.
             The game lasted 00:04:33 (2256 turns).

Ijustatesigmund the Skirmisher (DsAK)               Turns: 2256, Time: 00:04:34

Health: -1/37      AC:  5    Str: 13    XL:     4   Next: 76%
Magic:  6/6        EV: 11    Int: 13    God:    Lugonu [**....]
Gold:   83         SH:  0    Dex: 13    Spells: 0 memorised, 3 levels left

rFire  . . .     SeeInvis .     a - +1 mace
rCold  . . .     Gourm    .     b - +1 leather armour
rNeg   . . .     Faith    .     (no shield)
rPois  .         Spirit   .     (no helmet)
rElec  .         Dismiss  .     (no cloak)
rCorr  .         Reflect  .     (no gloves)
SustAt .         Harm     .     (no boots)
MR     .....                    (no amulet)
Stlth  +++.......               (no ring)
                                (no ring)

@: not resistant to hostile enchantments, fairly stealthy
A: molten scales 1, nightstalker 2
a: Depart the Abyss, Bend Space, Renounce Religion


You were on level 4 of the Dungeon.
You worshipped Lugonu.
Lugonu was pleased with you.
You were not hungry.

You visited 1 branch of the dungeon, and saw 4 of its levels.
You visited the Abyss 1 time.

You collected 83 gold pieces.

Inventory:

Hand Weapons
 a - a +1 mace (weapon)
Armour
 b - a +1 leather armour (worn)
Potions
 e - 2 potions of flight
Comestibles
 c - a bread ration
 d - 2 meat rations


   Skills:
 + Level 4.0 Fighting
 * Level 3.1 Maces & Flails
 - Level 1.7 Armour
 - Level 0.8 Dodging
 + Level 3.8 Invocations


You had 3 spell levels left.
You didn't know any spells.

Dungeon Overview and Level Annotations

Branches:
Dungeon (4/15)
 Temple: D:4-7

Altars:

Annotations:
D:3 Sigmund


Innate Abilities, Weirdness & Mutations

You are partially covered in molten scales (AC +1).
You are significantly more attuned to the shadows.


Message History

The centaur hits you. The centaur hits you!
* * * LOW HITPOINT WARNING * * *
You hit the centaur but do no damage.
The centaur is lightly wounded.
The centaur barely misses you. x2
Drink which item? (? for menu, Esc to quit)
You feel better. The centaur closely misses you.
You hit the centaur.
The centaur is moderately wounded.
The centaur barely misses you. The centaur misses you.
You closely miss the centaur.
The centaur is moderately wounded.
The centaur hits you.
* * * LOW HITPOINT WARNING * * *
The centaur hits you.
* * * LOW HITPOINT WARNING * * *
You hit the centaur.
The centaur is moderately wounded.
The centaur hits you.
You die...

*,,****,*,......#.# *.# *,#....#
,,,,,,,,,,....#.#.# *.# *,##<###
*******,*,.#....#.###.# *,*###
,,,,,,,,,,.........##.# *,*
****,,,,.,............# *,* ### *
*,**##l#####.##.#..# *,* #.. *
*,*,..,...##.##†#..##*,****#.# *
*,*,*#.##.##.##.#...##....*#.# *
*,*,*#.......@c.#.#.##....##.# *
*,*,#####.##(####.#..#...[##.# *
*,*,.......)......##.#....##.#
****,**#####(#..#######......##.#
,,,*,,,.........#,..............#
,,,****.#.##.#..#,######.....####
*******,#,*#<#..#,**####.........
,,,,,,,,*,*###....,......>#######
*********,*,,,,.#.*######.#


You could see a centaur.

Vanquished Creatures
  The ghost of Voda the Magician, an amateur OpWn (D:3)
  A worm (D:4)
  An orc (D:3)
  2 ball pythons (D:1)
  2 giant cockroaches
  5 goblins
  6 hobgoblins
  9 kobolds
  3 quokkas
  8 bats
  2 giant newts (D:1)
  5 rats
45 creatures vanquished.

Notes
Turn   | Place    | Note
--------------------------------------------------------------
     0 | Abyss:1  | Ijustatesigmund the Demonspawn Abyssal Knight began the quest for the Orb.
     0 | Abyss:1  | Reached XP level 1. HP: 18/18 MP: 2/2
    49 | D:1      | Escaped the Abyss
   356 | D:1      | Gained mutation: You are partially covered in molten scales (AC +1). [demonic ancestry]
   356 | D:1      | Reached XP level 2. HP: 17/24 MP: 4/4
   403 | D:1      | Reached ** piety under Lugonu
  1056 | D:2      | Gained mutation: You are slightly more attuned to the shadows. [demonic ancestry]
  1056 | D:2      | Reached XP level 3. HP: 27/29 MP: 5/5
  1752 | D:3      | Noticed Voda's ghost (amateur OpWn)
  1760 | D:3      | Killed Voda's ghost
  1760 | D:3      | Reached skill level 4 in Fighting
  1760 | D:3      | Gained mutation: You are significantly more attuned to the shadows. [demonic ancestry]
  1760 | D:3      | Reached XP level 4. HP: 20/37 MP: 6/6
  1893 | D:3      | Noticed Sigmund
  2245 | D:4      | Noticed a centaur
  2256 | D:4      | Slain by a centaur

Vault maps used:
D:1:      dpeg_arrival_short_road
D:3:      gammafunk_temple_overflow_elements, uniq_grinder, uniq_sigmund
D:4:      first_bread, chei_slow_surprise
Abyss:1:  hangedman_decor_lopped

Action                   |  1- 3 |  4- 6 || total
-------------------------+-------+-------++-------
Melee: Mace              |   116 |    26 ||   142
  Use: Scroll            |     2 |     4 ||     6
       Potion            |       |     1 ||     1
 Stab: Sleeping          |     1 |     2 ||     3
       Distracted        |       |     1 ||     1
  Eat: Fruit             |     1 |       ||     1
       Chunk             |     1 |       ||     1
       Bread ration      |       |     1 ||     1
